Map: Daybreak LE (Void)

Players

Reynor

  • Race: Zerg Zerg
  • League: Grandmaster
  • Spawn Location: 7:00

MarineLorD - Winner!

  • Race: Terran Terran
  • League: Master
  • Spawn Location: 1:00

Event: NationWars IV

VOD

Have the link to the VOD?

Description

Time

  • Played on: Jan. 6, 2017, 3:07 p.m.
  • Length: 28:29

All games in this series

Show
View Real Time Build Order
Export as new Build Order

Reynor Zerg 

Build Orders: Hatch First 

Get SALT Encoding   

  12  0:02  Drone  
  13  0:13  Overlord  
  13  0:17  Drone  
  14  0:24  Extractor, Drone  
  15  0:31  Drone  
  16  0:36  Drone  
  17  0:53  Hatchery  
  17  0:56  Drone  
  17  1:00  Drone  
  17  1:01  Extractor  
  17  1:15  Spawning Pool  
  16  1:19  Drone  
  16  1:22  Drone  
  18  1:29  Drone  
  19  1:39  Overlord  
  19  1:50  Drone  
  20  2:01  Drone  
  20  2:03  Queen  
  20  2:05  Zergling x2, Queen  
  26  2:12  Zergling x2  
  26  2:14  Metabolic Boost  
  27  2:17  Zergling x2  
  28  2:25  Drone  
  29  2:32  Drone  
  29  2:36  Drone  
  29  2:38  Drone  
  29  2:44  Drone  
  31  2:49  Overlord  
  31  2:53  Queen  
  31  2:54  Drone  
  34  3:00  Drone  
  34  3:05  Drone  
  36  3:09  Queen  
  36  3:10  Drone x2  
  36  3:11  Overlord  
  40  3:16  Drone x2  
  42  3:26  Drone  
  43  3:28  Zergling x2  
  43  3:31  Hatchery  
  43  3:32  Overlord  
  43  3:35  Drone  
  43  3:36  Drone  
  45  3:42  Zergling x2  
  45  3:46  Drone x3  
  45  3:47  Overlord  
  48  3:51  Drone  
  48  3:55  Zergling x2  
  50  4:01  Overlord  
  50  4:02  Drone  
  51  4:03  Queen  
  51  4:06  Drone x2  
  51  4:09  Overlord  
  55  4:10  Queen  
  55  4:13  Zergling x4  
  59  4:24  Zergling x4  
  61  4:35  Overlord  
  61  4:37  Drone x5  
  66  4:39  Queen  
  66  4:40  Zergling x2  
  66  4:43  Queen  
  66  4:44  Zergling x2  
  72  4:46  Queen  
  72  4:50  Drone x2  
  72  4:52  Zergling x2  
  77  4:54  Zergling x2  
  77  4:56  Evolution Chamber  
  77  5:01  Extractor, Zergling x2  
  77  5:07  Zergling x4  
  77  5:11  Zergling x6  
  77  5:12  Overlord  
  82  5:15  Queen  
  82  5:17  Zergling x6  
  82  5:18  Drone x2  
  89  5:23  Zerg Ground Armor Level 1  
  89  5:27  Drone  
  90  5:29  Overlord x2  
  90  5:32  Zergling x6  
  93  5:38  Drone  
  91  5:43  Zergling x4  
  91  5:44  Drone  
  91  5:45  Drone x5  
  96  5:50  Drone  
  96  5:52  Roach Warren  
  96  5:53  Zergling x2  
  96  5:56  Zergling x2  
  98  6:02  Lair  
  98  6:03  Drone x4  
  104  6:06  Zergling x4, Overlord  
  104  6:08  Zergling x2  
  104  6:09  Drone  
  104  6:11  Drone  
  107  6:13  Extractor x2, Drone x2  
  107  6:14  Extractor  
  107  6:15  Zergling x2  
  107  6:19  Zergling x2  
  107  6:23  Zergling x2  
  107  6:25  Drone  
  110  6:30  Zergling x8  
  114  6:33  Drone  
  114  6:35  Drone x2  
  114  6:36  Drone x2  
  119  6:42  Roach  
  121  6:50  Overlord  
  121  6:51  Roach  
  121  6:52  Overlord  
  120  6:54  Overlord  
  120  6:59  Roach, Overlord  
  121  7:04  Infestation Pit  
  121  7:06  Drone x3  
  121  7:08  Roach x3  
  121  7:09  Overlord  
  121  7:12  Roach x4  
  121  7:15  Glial Reconstitution, Drone  
  130  7:18  Roach x2, Overlord  
  134  7:24  Roach x2  
  134  7:25  Roach  
  134  7:26  Zerg Ground Armor Level 2  
  134  7:28  Drone  
  134  7:29  Evolution Chamber  
  140  7:32  Roach x2  
  140  7:35  Overlord  
  140  7:36  Drone x2  
  146  7:40  Roach x2  
  149  7:45  Drone x3  
  149  7:47  Extractor, Overlord  
  151  7:53  Zergling x2  
  151  7:54  Zergling x2  
  151  7:55  Zergling x2  
  154  8:00  Zergling x6  
  154  8:01  Roach  
  159  8:07  Zerg Melee Weapons Level 1  
  159  8:08  Zergling x8  
  159  8:09  Hatchery  
  159  8:11  Roach  
  159  8:12  Overlord  
  164  8:14  Pathogen Glands  
  164  8:16  Roach  
  166  8:23  Overlord x2  
  166  8:33  Roach x4  
  168  8:34  Drone  
  168  8:38  Drone  
  169  8:42  Overlord  
  169  8:49  Hive  
  169  8:50  Zergling x4  
  169  8:51  Zergling x10  
  169  8:52  Spire  
  175  8:58  Infestor, Spore Crawler, Spine Crawler  
  175  9:00  Infestor  
  175  9:02  Zergling x6  
  180  9:04  Zergling x2  
  180  9:09  Overseer  
  181  9:10  Ravager x2  
  181  9:11  Roach x2  
  181  9:16  Zergling x4  
  184  9:18  Ravager x2  
  184  9:19  Zergling x6  
  184  9:23  Zergling x6  
  176  9:25  Overlord  
  176  9:28  Infestor  
  176  9:29  Zergling x2  
  176  9:30  Zergling x4  
  181  9:33  Zergling x2  
  181  9:34  Drone x2  
  181  9:37  Zergling x4  
  186  9:41  Ravager  
  186  9:42  Drone  
  186  9:45  Extractor, Zergling x6  
  191  9:47  Extractor  
  191  9:48  Zergling x6  
  190  9:53  Infestor  
  190  9:56  Roach x2  
  190  9:57  Ravager x2  
  190  9:58  Zergling x2  
  197  10:01  Spore Crawler  
  197  10:02  Zergling x4, Spine Crawler  
  197  10:03  Zergling x2  
  197  10:06  Greater Spire  
  198  10:09  Zergling x6  
  198  10:11  Zergling x4, Overlord  
  198  10:13  Zergling x4  
  198  10:16  Zergling x2  
  198  10:18  Zergling x2  
  194  10:22  Zergling x6  
  194  10:24  Ravager x2  
  199  10:39  Overlord  
  197  11:08  Corruptor x6  
  189  11:14  Burrow  
  191  11:18  Ravager x4  
  191  11:19  Ravager x3  
  191  11:20  Zergling x6  
  191  11:21  Zergling x2, Overlord  
  200  11:30  Zerg Ground Armor Level 3  
  200  11:31  Zerg Melee Weapons Level 2  
  199  11:59  Adrenal Glands  
  199  12:14  Zerg Flyer Weapons Level 1, Spore Crawler x2  
  197  12:28  Brood Lord x3  
  197  12:43  Corruptor x2, Brood Lord  
  197  12:44  Zergling x2, Brood Lord x2  
  199  12:45  Overlord  
  199  12:46  Zergling x2  
  199  12:47  Spore Crawler  
  199  12:49  Zergling x6  
  199  12:51  Zergling x8, Drone x4  
  194  12:52  Zergling x2  
  194  12:55  Zergling x4  
  194  12:56  Drone x2  
  195  13:01  Zergling x6  
  195  13:02  Drone x2  
  195  13:03  Zergling x10  
  195  13:04  Corruptor  
  195  13:05  Zergling x2  
  199  13:08  Spore Crawler  
  199  13:09  Spine Crawler  
  197  13:16  Corruptor  
  199  13:30  Ultralisk Cavern  
  198  13:52  Corruptor x2  
  199  13:57  Zerg Melee Weapons Level 3  
  194  14:14  Corruptor x3  
  198  14:25  Chitinous Plating  
  192  14:37  Ultralisk  
  192  14:38  Hatchery  
  194  14:44  Corruptor x2  
  198  14:51  Corruptor  
  198  14:52  Corruptor  
  198  15:09  Hatchery  
  197  15:18  Brood Lord  
  199  15:28  Zerg Missile Weapons Level 1  
  198  15:30  Overlord  
  197  15:46  Corruptor x2  
  199  16:01  Baneling Nest  
  196  16:07  Ultralisk  
  197  16:23  Drone x2  
  191  16:54  Ultralisk, Corruptor x2  
  195  16:59  Infestor  
  199  17:07  Zerg Flyer Weapons Level 2  
  197  17:33  Corruptor  
  199  17:48  Drone x2  
  199  17:49  Drone x2  
  199  17:50  Drone  
  199  17:51  Drone  
  199  17:58  Drone  
  175  18:25  Corruptor x4  
  175  18:26  Corruptor x4, Brood Lord x3  
  191  18:29  Brood Lord  
  191  18:30  Brood Lord x2  
  191  18:33  Extractor  
  192  18:34  Spore Crawler  
  192  18:35  Extractor, Spore Crawler  
  192  18:36  Drone  
  192  18:37  Drone x9  
  199  18:50  Hatchery  
  193  19:05  Corruptor x2  
  186  19:15  Corruptor  
  186  19:16  Corruptor x4  
  198  19:18  Zergling x2  
  192  19:39  Corruptor x2  
  192  19:40  Corruptor x2  
  193  19:46  Corruptor x2  
  195  20:01  Infestor x2  
  188  20:11  Corruptor  
  188  20:12  Brood Lord x4  
  188  20:13  Drone  
  199  20:18  Drone x4  
  199  20:19  Drone x2  
  198  20:29  Extractor  
  198  20:30  Hatchery  
  198  20:31  Extractor  
  198  20:34  Zerg Flyer Weapons Level 3  
  195  20:36  Zerg Missile Weapons Level 2, Spire  
  194  20:46  Overseer x2  
  194  20:47  Overseer  
  194  20:51  Spore Crawler  
  193  20:58  Spore Crawler  
  193  20:59  Drone x2  
  193  21:00  Spore Crawler, Drone x4  
  193  21:02  Drone x2  
  198  21:16  Drone x2  
  182  21:43  Corruptor x4  
  188  21:53  Corruptor x2  
  192  21:54  Brood Lord  
  194  22:07  Ultralisk  
  164  22:10  Zergling x4  
  161  22:20  Zergling x8  
  163  22:30  Infestor  
  163  22:34  Zergling x2  
  163  22:35  Zergling x6  
  161  22:45  Zergling x4  
  161  22:46  Zergling x8  
  162  23:00  Zergling x8  
  162  23:01  Zergling x4  
  162  23:04  Overseer  
  168  23:08  Extractor  
  168  23:09  Infestor  
  169  23:16  Zergling x6  
  172  23:21  Overseer  
  172  23:25  Zergling x4  
  174  23:30  Infestor  
  174  23:46  Infestor  
  165  24:05  Corruptor  
  165  24:06  Zergling x2  
  165  24:07  Zergling x14  
  162  24:25  Zergling x10  
  166  24:39  Corruptor  
  169  24:52  Zergling x2  
  169  24:53  Zergling x10  
  174  25:13  Ultralisk  
  175  25:15  Zergling x12  
  174  25:31  Drone x3  
  174  25:32  Drone x3  
  177  25:42  Drone x2  
  179  25:43  Drone  
  180  25:53  Infestor  
  179  26:13  Ultralisk  
  181  26:49  Overlord x3  
  181  27:04  Hatchery  
  181  27:07  Overlord  
  180  27:13  Overseer  
  180  27:16  Corruptor x2  
  180  27:20  Corruptor  
  186  27:35  Corruptor  
  188  27:56  Zergling x12  
  188  27:57  Zergling x2  
Show
View Real Time Build Order
Export as new Build Order

MarineLorD Terran - Winner!

Build Orders: Reaper Expand, MMM Bio 

Get SALT Encoding   

  12  0:01  SCV  
  13  0:13  SCV  
  14  0:17  Supply Depot  
  14  0:25  SCV  
  15  0:39  SCV  
  15  0:40  Barracks  
  16  0:46  Refinery  
  16  0:51  SCV  
  17  1:03  SCV  
  18  1:15  SCV  
  19  1:27  Orbital Command  
  19  1:28  Reaper  
  20  1:41  Command Center  
  20  1:52  SCV  
  21  1:55  Barracks  
  21  2:00  Barracks Reactor  
  21  2:05  SCV  
  22  2:08  Supply Depot  
  22  2:17  SCV  
  22  2:18  Refinery  
  23  2:30  SCV  
  23  2:33  Factory  
  24  2:39  Marine x2  
  24  2:42  Barracks Tech Lab  
  27  2:44  SCV  
  27  2:54  Orbital Command  
  27  2:56  SCV  
  28  3:00  Marine x2  
  28  3:01  Marine  
  31  3:06  Stimpack  
  31  3:08  SCV  
  32  3:17  Marine  
  32  3:18  Marine x2  
  35  3:20  SCV  
  35  3:21  SCV  
  37  3:29  Starport  
  37  3:30  Factory Reactor  
  37  3:33  SCV  
  38  3:36  SCV  
  38  3:37  Marine  
  38  3:38  Marine  
  41  3:46  SCV  
  42  3:52  Marine, Supply Depot x2  
  43  3:55  Marine  
  43  3:59  SCV  
  43  4:00  SCV  
  46  4:13  Marine x2, SCV  
  49  4:20  Marine  
  49  4:23  Supply Depot  
  50  4:24  Supply Depot  
  50  4:25  SCV  
  50  4:26  SCV  
  50  4:31  Marine x2  
  53  4:37  Medivac x2, SCV  
  53  4:38  Marine, SCV  
  61  4:45  Engineering Bay  
  61  4:49  Marine, Engineering Bay  
  61  4:51  Marine  
  63  4:54  SCV x2  
  63  4:56  Marine  
  66  5:02  Supply Depot  
  66  5:06  Marine, SCV x2  
  69  5:11  Combat Shields  
  69  5:15  Terran Infantry Weapons Level 1, Terran Infantry Armor Level 1  
  69  5:16  Marine x2  
  69  5:18  SCV  
  72  5:24  Marine  
  73  5:31  Command Center  
  73  5:34  Marine x2  
  75  5:42  Marine  
  74  5:46  SCV  
  74  5:47  SCV  
  73  5:50  Factory Reactor  
  73  5:51  Marine  
  73  5:52  Refinery  
  73  5:53  Barracks, Marine, Refinery, Supply Depot  
  73  5:56  Medivac x2  
  79  5:59  SCV  
  79  6:00  Marine  
  79  6:02  SCV  
  82  6:09  Marine  
  82  6:11  Marine  
  83  6:12  Armory  
  83  6:14  SCV  
  83  6:18  Marine, SCV  
  87  6:27  Marine  
  87  6:29  Marine  
  89  6:34  SCV  
  89  6:35  Marine  
  91  6:41  Barracks  
  91  6:42  SCV  
  91  6:43  Barracks  
  91  6:45  Marine  
  91  6:46  Factory Reactor, Supply Depot  
  91  6:47  Orbital Command, Marine  
  88  6:56  Marine  
  88  6:57  Marine x2  
  91  7:03  Marine, SCV  
  91  7:04  Marine  
  91  7:11  SCV  
  91  7:13  Medivac  
  91  7:14  Marine x3  
  97  7:20  Marine  
  97  7:22  Terran Infantry Weapons Level 2, Marine, Terran Infantry Armor Level 2  
  98  7:32  Marine x2  
  98  7:33  Orbital Command  
  98  7:36  Marine  
  98  7:37  Barracks Reactor x2  
  98  7:39  Medivac  
  98  7:40  Marine  
  98  7:43  Medivac  
  98  7:44  Widow Mine x2  
  97  7:49  Marine  
  102  7:51  SCV x2  
  102  7:52  Marine  
  102  7:58  Concussive Shells, Marine x3  
  108  8:05  SCV x3  
  111  8:09  Marauder, Medivac  
  111  8:10  Marine  
  116  8:20  Supply Depot x2  
  116  8:23  Bunker, Supply Depot  
  116  8:24  SCV  
  117  8:42  Marauder, Marine x5  
  117  8:46  Supply Depot  
  117  8:47  Marine x2, Supply Depot x2  
  117  8:48  Widow Mine x2  
  126  8:54  Marine  
  131  8:59  Marine  
  132  9:04  Marauder, Marine x4  
  132  9:05  Marine  
  132  9:09  Barracks x3  
  138  9:17  Marine x2  
  124  9:25  Marauder  
  124  9:28  Marine x2  
  124  9:29  Marine x4  
  124  9:30  Medivac x2  
  131  9:35  Command Center, Marine x2  
  133  9:39  Widow Mine x2  
  133  9:42  Liberator x2  
  137  9:46  Marauder, Marine x4  
  137  9:48  Marine  
  137  9:49  Marine  
  145  9:53  Marine x2  
  145  9:57  Barracks Tech Lab  
  145  9:58  Barracks Tech Lab x2  
  147  10:02  Terran Infantry Weapons Level 3  
  147  10:04  Terran Infantry Armor Level 3, Marine x3  
  156  10:07  Refinery  
  156  10:08  Marauder, Refinery  
  156  10:09  Marine  
  156  10:17  Marauder, Marine  
  159  10:26  Marine  
  159  10:27  Marauder, Marine x2  
  164  10:29  Marine  
  164  10:33  Supply Depot x2  
  164  10:35  Marine x4  
  170  10:36  Marauder x2  
  170  10:40  Liberator x2  
  172  10:44  Marine  
  172  10:47  Marauder, Marine x2  
  172  10:48  Marauder  
  179  10:54  Marine x2  
  182  10:57  Marauder x2  
  182  11:00  Terran Ship Weapons Level 1, Marine  
  190  11:06  Marine  
  190  11:08  Marauder  
  190  11:10  Marauder  
  186  11:13  Marine  
  191  11:18  Marauder x2  
  191  11:22  Starport  
  191  11:24  Factory Reactor, Liberator  
  191  11:25  Starport  
  189  11:27  Planetary Fortress  
  189  11:32  Marauder x2  
  195  11:40  Marauder x2  
  195  11:43  Refinery  
  198  11:50  Missile Turret  
  198  11:57  Fusion Core  
  198  12:01  Refinery  
  198  12:10  Liberator x2  
  198  12:11  Missile Turret  
  198  12:21  Liberator x2  
  194  12:27  Starport Tech Lab  
  196  12:37  Liberator  
  196  12:41  Marauder x2  
  189  12:48  Marauder  
  191  12:53  Advanced Ballistics, Ghost Academy, Liberator x2  
  187  13:03  Liberator  
  172  13:13  Terran Ship Weapons Level 2  
  172  13:15  Marine x3  
  175  13:22  Liberator  
  175  13:23  Liberator  
  178  13:31  Command Center  
  178  13:33  Command Center  
  194  13:44  Ghost x2  
  194  13:46  Ghost  
  190  13:50  Ghost  
  179  14:13  Ghost x2  
  179  14:15  Ghost  
  181  14:22  Missile Turret x2  
  181  14:28  Ghost  
  182  14:41  Ghost x2  
  170  15:02  Ghost x2  
  170  15:05  Medivac x3  
  180  15:10  Ghost  
  180  15:14  Hi-Sec Auto Tracking, Building Armor  
  180  15:15  Personal Cloaking  
  180  15:23  Ghost  
  180  15:30  Ghost  
  180  15:33  Planetary Fortress  
  181  15:51  Ghost x3  
  181  16:06  Missile Turret  
  181  16:07  Planetary Fortress  
  181  16:11  Ghost  
  179  16:20  Terran Vehicle And Ship Armor Level 1  
  179  16:33  Refinery x2  
  179  16:38  Missile Turret  
  179  16:39  Missile Turret  
  179  16:53  Ghost x2  
  179  16:54  Ghost  
  177  17:01  Ghost  
  179  17:17  Sensor Tower  
  179  17:21  Ghost, Sensor Tower  
  179  17:22  Marauder  
  183  17:23  Marauder  
  181  17:34  Marine x3  
  181  17:35  Marine x3  
  185  17:51  Ghost  
  185  17:52  Ghost x2  
  191  17:59  Refinery  
  191  18:00  Refinery  
  188  18:16  Liberator x2  
  188  18:18  Ghost  
  190  18:20  Ghost  
  190  18:23  Ghost  
  186  18:27  Liberator x2  
  198  18:56  Missile Turret  
  198  19:01  Marauder  
  200  19:09  Marauder  
  199  19:14  Marauder, Marine x2  
  195  19:30  Liberator  
  195  19:38  Ghost x4  
  183  19:51  Orbital Command  
  186  20:02  Liberator  
  180  20:09  Liberator  
  180  20:11  Ghost x2  
  171  20:14  Liberator  
  184  20:18  Ghost  
  184  20:20  Liberator  
  200  20:53  Missile Turret  
  200  20:55  Terran Ship Weapons Level 3  
  198  21:04  Liberator x2  
  193  21:25  Liberator x3  
  185  21:42  Unknown  
  185  21:47  Liberator x2  
  182  22:07  Marine x2  
  182  22:08  Marine x4, Liberator x3  
  140  22:13  Marine x4  
  140  22:14  Marauder, Marine  
  141  22:18  Missile Turret  
  141  22:25  Marine x2  
  141  22:26  Marine x2  
  141  22:29  Liberator  
  143  22:32  Marauder  
  143  22:44  Marine x3  
  143  22:46  Marauder, Marine x2  
  150  22:56  Medivac  
  149  23:02  Marauder, Marine x2  
  153  23:07  Marauder, Marine x3  
  153  23:08  Medivac x2  
  162  23:14  Medivac  
  162  23:19  Marauder, Marine  
  167  23:22  Missile Turret  
  167  23:25  Marine  
  167  23:26  Marauder, Marine x7, Medivac  
  179  23:28  Orbital Command, Marine  
  179  23:29  Medivac  
  179  23:32  Terran Vehicle And Ship Armor Level 2  
  182  23:38  Medivac  
  182  23:39  Marine  
  182  23:41  Marauder  
  187  23:43  Marine x2  
  187  23:45  Marauder, Missile Turret  
  187  23:47  Marauder  
  193  23:53  Marine  
  193  23:54  Marauder  
  196  24:01  Liberator  
  196  24:02  Marauder, Marine x2  
  192  24:03  Marine  
  192  24:06  Marauder  
  192  24:09  Marine  
  192  24:10  Marauder  
  187  24:25  Liberator  
  184  24:41  Command Center  
  187  24:54  Unknown x3  
  187  24:55  Unknown x4  
  187  25:02  Ghost x2  
  187  25:15  Ghost x2  
  190  25:30  Ghost x2  
  194  25:35  Liberator  
  194  25:42  Command Center  
  194  25:48  Liberator  
  194  25:58  Orbital Command, Liberator  
  194  25:59  Command Center  
  199  26:31  Barracks Tech Lab  
  199  26:34  Unknown x2  
  199  26:35  Unknown x2  
  199  26:49  Command Center  
  199  26:50  Missile Turret  
  199  26:51  Missile Turret  
  199  26:53  Missile Turret  
  198  27:03  Orbital Command  
  198  27:14  Orbital Command  
  198  27:15  Command Center  
  198  27:36  Ghost  
Tags
 
Add a new tag
Caveats
  • Supply blocks, unpowered buildings, or Contaminate may cause inaccurate times.
  • Supply counts are checked every 10 seconds.